 Dungeon Sprint DCSS version 0.31-a0-940-gdaa99269f9 (webtiles) character file.

Game seed: 3899364584291985993

1 sircluck the Ruffian (level 1, -4/33 HPs)
             Began as a Troll Berserker on Oct 20, 2023.
             Was a Follower of Trog.
             Slain by a redback (12 damage)
             ... in the Dungeon (Sprint VII: "The Pits").
             The game lasted 00:00:09 (61 turns).

sircluck the Ruffian (Troll Berserker)                Turns: 61, Time: 00:00:10

Health: -4/33      AC:  4    Str: 24    XL:     1   Next: 16%
Magic:  0/0        EV: 10    Int:  3    God:    Trog [*.....]
Gold:   0          SH:  0    Dex:  9    Spells: 0/0 levels left

rFire   . .          .
                       - Unarmed
rCold   . . .        (no shield)
rNeg    . . .        a - +0 animal skin
rPois   .            (helmet restricted)
rElec   .            (no cloak)
rCorr   .            (gloves unavailable)
SInv    .            (boots unavailable)
Will    .....        (no amulet) Stlth
                     (no ring)
HPRegen 1.05/turn    (no ring)
MPRegen 0.07/turn

%: no teleportation
@: berserking, very quick
A: large, unfitting armour, claws 3, regeneration 1, shaggy fur 1, tough skin 1
a: Renounce Religion, Berserk


You were in the Dungeon.
You worshipped Trog.
Trog was aware of your devotion.
You visited 1 branch

Inventory:

Armour
 a - a +0 animal skin (worn)
Scrolls
 g - a scroll of blinking
Potions
 b - a potion of curing
 c - a potion of heal wounds
 d - a potion of haste
 e - 2 potions of magic
 f - a potion of berserk rage


   Skills:
 + Level 2.6 Fighting
 + Level 2.6 Dodging
 + Level 3.2 Unarmed Combat


You couldn't memorise any spells.
You didn't know any spells.
Your spell library was empty.

Dungeon Overview and Level Annotations

Branches:
Dungeon (1/1)

Altars:


Innate Abilities, Weirdness & Mutations

You are too large for most types of armour.
You have claws for hands.
Your natural rate of healing is unusually fast.
You are covered in fur. (AC +1)
You have tough skin. (AC +1)


Message History

A redback comes into view.
There is a huge open gate here.
There is a huge open gate leading to the Armoury (Hard) here.
A red film seems to cover your vision as you go berserk!
You feel yourself moving faster!
You feel mighty! The redback closely misses you.
You claw the redback!
The redback is moderately wounded.
The redback bites you!
You barely miss the redback.
The redback is moderately wounded.
The redback bites you!
You are too injured to fight recklessly!
You are too injured to fight recklessly!
You are too injured to fight recklessly!
You are too injured to fight recklessly!
You are too injured to fight recklessly!
You are too injured to fight recklessly!
You are too injured to fight recklessly!
You are too injured to fight recklessly!
You barely miss the redback.
The redback is moderately wounded.
The redback barely misses you.
You closely miss the redback.
The redback is moderately wounded.
The redback bites you.
You miss the redback.
The redback is moderately wounded.
The redback misses you.
You claw the redback!
The redback is severely wounded.
The redback bites you.
* * * LOW HITPOINT WARNING * * *
You claw the redback!
The redback is almost dead.
The redback misses you.
You closely miss the redback.
The redback is almost dead.
The redback bites you!
You die...

##########++###### ###
#+##................# ..#
+.##......#..#......##..#
####.##................''..#
.....)'.........@s.....''..#
#+#####......#..#......##.......
#................# .......
####'#####++###### #######
#.......# #.......# #.......#
#...<...# #.......#


You could see a redback.

Vanquished Creatures
  A goblin (D)
1 creature vanquished.

Notes
Turn   | Place    | Note
-------+----------+-------------------------------------------
     0 | D        | sircluck the Troll Berserker began the quest for the Orb.
     0 | D        | Reached XP level 1. HP: 22/22 MP: 0/0
    44 | D        | Noticed a redback
    61 | D        | Slain by a redback

Illustrated notes

Levels and vault maps discovered:
D:        pitsprint [storerooms_1, entrance_room_1, metal_vault_6, armoury_2,
          mini_pit_1, grid_room_1, main_hall_1, silver_pit, the_coven_2,
          the_vestibule_1, steel_vault_4, golden_pit, hallway_of_sentries,
          crystal_vault_4, iron_vault_4, final_vault]

Action                     || total
---------------------------++-------
  Melee: Unarmed           ||     9
 Invoke: Berserk           ||     1
 Armour: Animal skin       ||     5
  Dodge: Dodged            ||     5

Table legend: (Time is in decaauts)
 A = Elapsed time spent in this place.
 B = Non-inter-level travel time spent in this place.
 C = Inter-level travel time spent in this place.
 D = Time resting spent in this place.
 E = Time spent auto-exploring this place.
 F = Levels seen in this place.
 G = Mean time per level.
                   A        B        C        D        E       F      G
               +--------+--------+--------+--------+--------+-----+--------+
         Total |     58 |     58 |      0 |      0 |      0 |   1 |   58.0 |
       Dungeon |     58 |     58 |      0 |      0 |      0 |   1 |   58.0 |
               +--------+--------+--------+--------+--------+-----+--------+

Top non-repeatable levels by time:
       D: 58 daAuts
